 Dungeon Crawl Stone Soup version 0.24.0-1-gfbc8707 (webtiles) character file.

Game seed: 3834945431409709499, levelgen mode: deterministic

4055 BICBOI the Carver (level 10, -2/83 HPs)
             Began as a Demonspawn Chaos Knight on Dec 3, 2019.
             Was a Plaything of Xom.
             Slain by a komodo dragon (22 damage)
             ... on level 8 of the Dungeon.
             The game lasted 00:44:00 (7347 turns).

BICBOI the Carver (Demonspawn Chaos Knight)         Turns: 7347, Time: 00:44:00

Health: -2/83      AC: 17    Str: 11    XL:     10   Next: 4%
Magic:  10/10      EV: 14    Int: 14    God:    Xom [.....*]
Gold:   612        SH:  3    Dex: 15    Spells: 9/9 levels left

rFire    . . .     SeeInvis +   r - +4 long sword of Mastery {protect, Str-4 Dex+2 SInv}
rCold    . . .     Gourm    .   H - +0 buckler
rNeg     . . .     Faith    .   b - +2 leather armour
rPois    +         Spirit   .   (helmet restricted)
rElec    .         Reflect  .   (no cloak)
rCorr    .         Harm     .   (no gloves)
MR       +....                  (boots unavailable)
Stlth    +++++.....             q - amulet of regeneration
HPRegen  0.63/turn              g - ring of stealth
MPRegen  0.12/turn              v - +5 ring of protection

@: protection aura, lightly drained
A: fangs 1, hooves 3, horns 1, blink, magic resistance 1, nightstalker 1, poison
resistance, powered by death 1, robust 1, wild magic 3, evolution 1, MP-powered
wands, sturdy frame 2
a: Blink, Renounce Religion


You were on level 8 of the Dungeon.
You worshipped Xom.
You were Xom's teddy bear.
You were not hungry.

You visited 1 branch of the dungeon, and saw 8 of its levels.

You collected 612 gold pieces.

Inventory:

Hand Weapons
 a - a +0 spear of chaos
 r - the +4 long sword of Mastery (weapon) {protect, Str-4 Dex+2 SInv}
   (You found it on level 4 of the Dungeon)

   It grants its wielder temporary protection when it strikes (+7 to AC).
   It affects your strength (-4).
   It affects your dexterity (+2).
   It lets you see invisible.
 w - the +5 rapier of the Endless Expanse {venom, rPois rN+}
   (You found it on level 6 of the Dungeon)

   It poisons the flesh of those it strikes.
   It protects you from poison.
   It protects you from negative energy.
Armour
 b - a +2 leather armour (worn)
 h - a +1 helmet
 H - a +0 buckler (worn)
Jewellery
 g - a ring of stealth (left hand)
 j - a +5 ring of dexterity
 n - an uncursed amulet of the gourmand
 q - an amulet of regeneration (around neck)
 s - an uncursed ring of poison resistance
 v - a +5 ring of protection (right hand)
 z - an uncursed amulet of the acrobat
 A - an uncursed ring of protection from fire
Wands
 k - a wand of polymorph (3)
 m - a wand of digging (6)
 t - a wand of random effects (25)
 x - a wand of paralysis (12)
 y - a wand of flame (16)
 E - a wand of clouds (3)
Scrolls
 d - a scroll of fog
 l - a scroll of random uselessness
 o - 2 scrolls of enchant armour
 p - 3 scrolls of remove curse
 u - a scroll of amnesia
Potions
 e - 3 potions of curing
 f - a potion of brilliance
 i - a potion of haste
 C - a potion of flight
Comestibles
 c - 9 rations


   Skills:
 + Level 5.7(5.6) Fighting
 * Level 9.5(9.3) Long Blades
 - Level 4.5(4.3) Polearms
 + Level 2.1(1.9) Armour
 + Level 5.0(4.8) Dodging
 + Level 5.2(5.1) Stealth


You had 9 spell levels left.
You didn't know any spells.
Your spell library contained the following spells:

 Spells                   Type           Power        Failure   Level  Hunger
 Animate Skeleton         Necr           N/A          69%         1    ##.....
 Freeze                   Ice            #...         69%         1    ##.....
 Pain                     Necr           #...         69%         1    ##.....
 Throw Frost              Conj/Ice       #.....       82%         2    ###....
 Ozocubu's Armour         Chrm/Ice       #.......     95%         3    ####...
 Regeneration             Chrm/Necr      #.........   95%         3    ####...
 Vampiric Draining        Necr           #.........   95%         3    ####...
 Animate Dead             Necr           N/A          100%        4    #####..
 Summon Ice Beast         Ice/Summ       #.......     100%        4    #####..
 Throw Icicle             Conj/Ice       #.......     100%        4    #####..


Dungeon Overview and Level Annotations

Branches:
Dungeon (8/15)             Temple (0/1) D:5            Lair (0/6) D:8

Altars:
Elyvilon
Gozag
Hepliaklqana
Kikubaaqudgha
Makhleb
Trog
Vehumet
Yredelemnul

Shops:
D:8 [


Innate Abilities, Weirdness & Mutations

You have hooves in place of feet.
You are slightly more attuned to the shadows.
You regenerate a little health from kills.
Your movements are less encumbered by armour. (ER -4)
You have very sharp teeth.
You have a pair of small horns on your head.
You can translocate small distances at will.
You are resistant to hostile enchantments. (MR+)
Your system is resistant to poisons. (rPois)
You are robust. (+10% HP)
Your spells are much harder to cast, but much more powerful.
You evolve.
You expend magic power (3 MP) to strengthen your wands.


Message History

You headbutt the komodo dragon, but do no damage.
The komodo dragon is almost dead.
The komodo dragon bites you.
You hit the komodo dragon but do no damage.
You kick the komodo dragon, but do no damage.
The komodo dragon is almost dead.
You block the komodo dragon's attack.
You hit the komodo dragon.
You kick the komodo dragon, but do no damage.
The komodo dragon is almost dead.
The komodo dragon bites you.
You hit the komodo dragon. You headbutt the komodo dragon.
The komodo dragon is almost dead.
The komodo dragon bites you.
You barely miss the komodo dragon.
The komodo dragon is almost dead.
The komodo dragon bites you!!
* * * LOW HITPOINT WARNING * * *
You feel better. The komodo dragon bites you!!
You die... .# .# .# ########### .###### ##PPPPPPPPP## ......# ##PPPPPPP..PP#

.####.######.PPPPPP.>.PP#
................PPP§.PPP#
.####..#####...§§PP§PPPP#
.#.....######..§@l§PP..P#
............##§.§P§§PP.##
.......##...####..§§.###
.∩.....##.###.....§.#.#
.......##...........#.#
.####......###.....## #
.####÷.....# #.#...#
....+>.....###.##..#
.#.##......'.... ..#


You could see a komodo dragon.

Vanquished Creatures
  Pikel (D:4)
  The ghost of thesequoiad the Spear-Bearer, a novice MfAK of Lugonu (D:5)
  Grinder (D:6)
  A hornet (D:8)
  2 hippogriffs
  A sky beast (D:5)
  3 slaves (D:4)
  A black bear (D:6)
  An ice beast (D:8)
  3 ogres
  A necrophage (D:6)
  2 centaurs
  2 bullfrogs
  A scorpion (D:4)
  A wight (D:8)
  4 howler monkeys
  6 crimson imps
  2 bullfrog zombies
  4 quasits (D:5)
  A jelly (D:7)
  An orc priest (D:6)
  5 hounds
  3 orc wizards (D:5)
  A gnoll shaman (D:4)
  3 iguanas
  5 worker ants
  A killer bee zombie (D:8)
  A hound skeleton (D:5)
  A hound zombie (D:5)
  Robin (D:4)
  8 gnolls
  A howler monkey zombie (D:5)
  10 adders
  A shadow imp (D:6)
  2 oozes
  3 adder skeletons
  2 adder zombies
  A worm (D:5)
  4 leopard geckos
  22 orcs
  8 giant cockroaches
  13 hobgoblins
  7 jackals
  A kobold (D:1)
  3 ball pythons
  5 bats
  2 frilled lizards (D:1)
  15 goblins
  2 leopard gecko skeletons (D:4)
  3 quokka skeletons
  8 rats
182 creatures vanquished.

Vanquished Creatures (collateral kills)
  A crimson imp (D:6)
  A centaur zombie (D:5)
2 creatures vanquished.

Vanquished Creatures (others)
  A plant (D:8)
1 creature vanquished.

Grand Total: 185 creatures vanquished

Notes
Turn   | Place    | Note
-------+----------+-------------------------------------------
     0 | D:1      | BICBOI the Demonspawn Chaos Knight began the quest for the
                  | Orb.
     0 | D:1      | Reached XP level 1. HP: 18/18 MP: 1/1
   128 | D:1      | XOM: harmless Ice miscast
   256 | D:1      | Gained mutation: You regenerate a little health from kills.
                  | [demonic ancestry]
   256 | D:1      | Reached XP level 2. HP: 24/24 MP: 2/2
   326 | D:1      | XOM: silly message
   392 | D:1      | Gained mutation: You have large cloven feet. [demonic
                  | ancestry]
   392 | D:1      | Reached XP level 3. HP: 29/29 MP: 3/3
   529 | D:1      | Reached skill level 1 in Dodging
  1223 | D:2      | Gained mutation: Your system is resistant to poisons.
                  | (rPois) [potion of mutation]
  1223 | D:2      | Gained mutation: You are resistant to hostile enchantments.
                  | (MR+) [potion of mutation]
  1223 | D:2      | Gained mutation: You are robust. (+10% HP) [potion of
                  | mutation]
  1223 | D:2      | Gained mutation: You can translocate small distances at
                  | will. [potion of mutation]
  1247 | D:2      | XOM: harmless Erth miscast
  1502 | D:2      | XOM: noise
  1668 | D:3      | Gained mutation: Your movements are slightly less
                  | encumbered by armour. (ER -2) [demonic ancestry]
  1668 | D:3      | Reached XP level 4. HP: 40/40 MP: 4/4
  1717 | D:3      | XOM: mild Tloc miscast
  1898 | D:3      | XOM: god gift: bone ring {god gift}
  1919 | D:3      | Reached skill level 1 in Stealth
  2343 | D:3      | XOM: summons 1 hostile demon
  2718 | D:4      | Noticed Robin
  2757 | D:4      | Killed Robin
  2757 | D:4      | Reached XP level 5. HP: 17/46 MP: 5/5
  2877 | D:4      | XOM: harmless Erth miscast
  3190 | D:4      | XOM: summons 2 hostile demons
  3418 | D:4      | XOM: mild Conj miscast
  3724 | D:4      | XOM: blink monster(s)
  3733 | D:4      | Reached XP level 6. HP: 49/52 MP: 6/6
  3754 | D:4      | Got a faintly glowing long sword
  3912 | D:4      | Identified the +4 long sword of Mastery {protect, Str-4
                  | Dex+2 SInv} (You found it on level 4 of the Dungeon)
  3929 | D:5      | Entered Level 5 of the Dungeon
  3929 | D:5      | Noticed a slave
  3929 | D:5      | Noticed a slave
  3931 | D:5      | XOM: mild Tmut miscast
  3935 | D:5      | Noticed a slave
  3935 | D:5      | Noticed a slave
  3944 | D:5      | Noticed Pikel
  3945 | D:4      | XOM: potion effect (brilliance)
  3952 | D:4      | Killed a slave
  3987 | D:4      | XOM: confuse monster(s)
  3995 | D:4      | XOM: fake destruction
  4002 | D:4      | Killed a slave
  4004 | D:4      | Killed a slave
  4008 | D:4      | Killed Pikel
  4008 | D:4      | Reached skill level 3 in Long Blades
  4008 | D:4      | Gained mutation: You are slightly more attuned to the
                  | shadows. [demonic ancestry]
  4008 | D:4      | Reached XP level 7. HP: 28/60 MP: 7/7
  4099 | D:5      | Reached skill level 4 in Long Blades
  4234 | D:5      | XOM: enchant monster (good)
  4243 | D:5      | XOM: potion effect (heal wounds)
  4246 | D:5      | Gained mutation: Your movements are less encumbered by
                  | armour. (ER -4) [demonic ancestry]
  4246 | D:5      | Reached XP level 8. HP: 67/67 MP: 8/8
  4260 | D:5      | Found a staircase to the Ecumenical Temple.
  4392 | D:5      | XOM: potion effect (invisibility)
  4395 | D:5      | XOM: destruction
  4413 | D:5      | Reached skill level 5 in Long Blades
  4501 | D:5      | Found a transporter.
  4537 | D:5      | Found a transporter.
  4543 | D:5      | Noticed thesequoiad's ghost (novice MfAK)
  4909 | D:5      | XOM: noise
  4915 | D:5      | XOM: polymorph quasit -> shadow imp
  4924 | D:5      | XOM: polymorph shadow imp -> crimson imp
  4931 | D:5      | Killed thesequoiad's ghost
  4931 | D:5      | Reached skill level 6 in Long Blades
  4952 | D:5      | Reached skill level 5 in Fighting
  5103 | D:6      | Reached skill level 7 in Long Blades
  5129 | D:6      | Gained mutation: You have hoof-like feet. [demonic
                  | ancestry]
  5129 | D:6      | Reached XP level 9. HP: 74/74 MP: 9/9
  5141 | D:6      | Got a crystal rapier
  5200 | D:6      | Identified the +5 rapier of the Endless Expanse {venom,
                  | rPois rN+} (You found it on level 6 of the Dungeon)
  5239 | D:6      | Noticed Grinder
  5248 | D:6      | Paralysed by Grinder for 7 turns
  5262 | D:6      | Killed Grinder
  5292 | D:6      | XOM: 1-stop teleportation journey
  5305 | D:6      | XOM: 6-stop teleportation journey
  5319 | D:6      | XOM: cast spell 'Summon Hydra'
  5805 | D:6      | Reached skill level 8 in Long Blades
  6163 | D:7      | XOM: cloud trail
  6211 | D:7      | XOM: cast spell 'Statue Form'
  6279 | D:7      | Found a hazy altar of Hepliaklqana.
  6471 | D:7      | XOM: 1-stop teleportation journey
  6884 | D:8      | Found a burning altar of Makhleb.
  6887 | D:8      | Found a white marble altar of Elyvilon.
  6891 | D:8      | Found a radiant altar of Vehumet.
  6893 | D:8      | Found an opulent altar of Gozag.
  6894 | D:8      | Found a bloodstained altar of Trog.
  6905 | D:8      | Reached skill level 9 in Long Blades
  6905 | D:8      | Reached skill level 5 in Stealth
  6929 | D:8      | Paralysed by a hornet for 3 turns
  7062 | D:8      | XOM: give mutations
  7062 | D:8      | Gained mutation: Your spells are a little harder to cast,
                  | but a little more powerful. [Xom's grace]
  7062 | D:8      | Gained mutation: You expend magic power (3 MP) to
                  | strengthen your wands. [Xom's grace]
  7062 | D:8      | Gained mutation: You have a pair of small horns on your
                  | head. [Xom's grace]
  7062 | D:8      | Gained mutation: Your spells are harder to cast, but more
                  | powerful. [Xom's grace]
  7064 | D:8      | Reached skill level 5 in Dodging
  7068 | D:8      | XOM: god gift: 18 gold pieces
  7165 | D:8      | Found an ancient bone altar of Kikubaaqudgha.
  7178 | D:8      | Gained mutation: You have hooves in place of feet. [demonic
                  | ancestry]
  7178 | D:8      | Reached XP level 10. HP: 67/82 MP: 10/10
  7182 | D:8      | Found a transporter.
  7187 | D:8      | Found a transporter.
  7190 | D:8      | Noticed a death knight
  7190 | D:8      | XOM: summons friendly ufetubus
  7190 | D:8      | Found a basalt altar of Yredelemnul.
  7196 | D:8      | XOM: smoke on damage
  7273 | D:8      | Found Rusuan's Armour Boutique.
  7322 | D:8      | Found a staircase to the Lair.
  7335 | D:8      | XOM: give mutations
  7335 | D:8      | Gained mutation: Your spells are much harder to cast, but
                  | much more powerful. [Xom's grace]
  7335 | D:8      | Gained mutation: You evolve. [Xom's grace]
  7335 | D:8      | Gained mutation: You have very sharp teeth. [Xom's grace]
  7347 | D:8      | Slain by a komodo dragon

Levels and vault maps discovered:
D:1:      wander_arrival_desolate, layout_basic, patterned_corridor
D:2:      layout_basic, kennysheep_generic_room_14
D:3:      layout_basic
D:4:      kennysheep_six_static_rooms, layout_loops_corners, first_ration,
          uniq_robin
D:5:      layout_gridville, minmay_temple_entry_sparse_star,
          gammafunk_ghost_stat_death, saegor_snake_ambush, uniq_pikel
D:6:      layout_basic, uniq_grinder
D:7:      layout_basic, nicolae_overflow_crystal_walls
D:8:      layout_basic, grunt_temple_overflow_open, gammafunk_temple_of_torment,
          david_lair_shrubbed, serial_shops, shop

Skill      XL: |  1  2  3  4  5  6  7  8  9 |
---------------+----------------------------+-----
Polearms       | 3 4 |  4.5
Dodging        | 1 2 3 4 5 |  5.0
Armour         | 2 |  2.1
Stealth        | 1 2 3 4 5 |  5.2
Fighting       | 4 5 |  5.7
Long Blades    | 3 4 7 9 |  9.5

Action                   |  1- 3 |  4- 6 |  7- 9 | 10-12 || total
-------------------------+-------+-------+-------+-------++-------
Melee: Spear             |   114 |   186 |       |       ||   300
       Kick              |    16 |    75 |   100 |    13 ||   204
       Long sword        |       |    41 |   331 |    39 ||   411
       Headbutt          |       |       |     1 |    11 ||    12
       Bite              |       |       |       |     1 ||     1
 Abil: Blink             |     3 |       |       |       ||     3
  Use: Potion            |     3 |     3 |     1 |     4 ||    11
       Scroll            |       |    13 |     7 |     3 ||    23
 Stab: Confused          |     1 |     3 |       |       ||     4
       Petrified         |     4 |       |       |       ||     4
       Petrifying        |     1 |       |       |       ||     1
       Sleeping          |       |     5 |    19 |     1 ||    25
       Distracted        |       |       |     2 |       ||     2
       Invisible         |       |       |     4 |       ||     4
  Eat: Ration            |     1 |     2 |       |     2 ||     5
       Chunk             |       |     2 |     9 |       ||    11
Armor: Leather armour    |    17 |    86 |   211 |    23 ||   337
       Skin              |       |       |    11 |       ||    11
Dodge: Dodged            |    37 |   161 |   328 |    33 ||   559
Block: Buckler           |       |       |       |    10 ||    10
       Rpst.: Long sword |       |    20 |    69 |     9 ||    98
